 Dungeon Crawl Stone Soup version 0.31-a0-1154-gadca813884 (webtiles) character file.

Game seed: 10139445437527849616

210 Dirtsage the Changeling (level 5, 0/35 HPs)
             Began as an Octopode Shapeshifter on Dec 7, 2023.
             Succumbed to an orc wizard's poison
             ... on level 3 of the Dungeon.
             The game lasted 00:04:24 (2458 turns).

Dirtsage the Changeling (Octopode Shapeshifter)     Turns: 2458, Time: 00:04:25

Health: 0/35       AC:  1    Str: 16    XL:     5   Next: 88%
Magic:  5/5        EV: 14    Int: 10    God:
Gold:   129        SH:  0    Dex: 17    Spells: 4/4 levels left

rFire   + .          .
                       - Unarmed
rCold   + . .        (no shield)
rNeg    + . .        (helmet currently unavailable)
rPois   +            (no amulet)
rElec   +            N - ring of positive energy
rCorr   +            (no ring)
SInv    .            (no ring)
Will    +....        (no ring)
Stlth   +++          (no ring)
HPRegen 0.25/turn    (no ring)
MPRegen 0.09/turn    (no ring)
                     (no ring)

%: no passive effects
@: brilliant, lethally poisoned (0 -> -4), beast-form, resistant, enlightened,
flying
A: beast (slay +2), almost no armour, amphibious, 8 rings, camouflage 1,
gelatinous body 1, (nimble swimmer 1), tentacles, agile 1, strong 1
a: Begin Untransformation


You were on level 3 of the Dungeon.
You were a hulking beast.
You visited 1 branch of the dungeon, and saw 4 of its levels.

You collected 129 gold pieces.

Inventory:

Armour
 k - a +0 kite shield
Magical Staves
 r - a staff of fire
Jewellery
 N - a ring of positive energy (left tentacle)
Talismans
 b - a beast talisman
 c - a flux talisman
 p - a blade talisman
Wands
 a - a wand of polymorph (8)
Scrolls
 e - 2 scrolls of revelation
 f - a scroll of vulnerability
 g - 3 scrolls of fear
 i - 2 scrolls of poison {unknown}
 l - 2 scrolls of enchant armour
 o - a scroll of amnesia
Potions
 d - a potion of mutation
 j - a potion of curing {unknown}


   Skills:
 + Level 2.5 Fighting
 + Level 3.1 Dodging
 + Level 3.9 Unarmed Combat
 * Level 4.3 Shapeshifting


You had 4 spell levels left.
You didn't know any spells.
Your spell library was empty.

Dungeon Overview and Level Annotations

Branches:
Dungeon (4/15)
 Temple: D:4-7

Altars:
Sif Muna


Innate Abilities, Weirdness & Mutations

You are a hulking beast.
Your limbs bulge with bestial killing power. (Slay +2)
You cannot wear most types of armour.
You are amphibious.
You can wear up to eight rings at the same time.
Your skin changes colour to match your surroundings (Stealth+).
Your rubbery body absorbs attacks. (AC +1, EV +1)
((You are camouflaged when in or above water. (Stealth+)))
You have tentacles for arms and can constrict up to eight enemies at once.
You are agile. (Dex +4, Str/Int -1)
Your muscles are strong. (Str +4, Int/Dex -1)


Message History

You take 5 damage, and have 16/35 hp.
You tentacle-slap the orc wizard. You grab the orc wizard.
The orc wizard is severely wounded.
You constrict the orc wizard.
You feel sick. The orc wizard misses you.
You take 1 damage, and have 15/35 hp.
You tentacle-slap the orc wizard but do no damage.
The orc wizard is severely wounded.
You constrict the orc wizard, but do no damage.
You feel sick.
The orc wizard hits you with a +0 dagger of venom.
You are lethally poisoned!
You take 4 damage, and have 11/35 hp.
You tentacle-slap the orc wizard.
You kill the orc wizard!
* * * LOW HITPOINT WARNING * * *
You feel very sick.
You take 2 damage, and have 9/35 hp.
It was a potion of mutation.
You feel extremely strange.
You feel agile.
You feel stronger.
* * * LOW HITPOINT WARNING * * *
You feel very sick.
You take 3 damage, and have 6/35 hp.
It was a potion of brilliance.
You feel clever all of a sudden.
* * * LOW HITPOINT WARNING * * *
You feel sick.
You take 2 damage, and have 4/35 hp.
It was a potion of enlightenment.
You feel very buoyant.
You fly up into the air.
* * * LOW HITPOINT WARNING * * *
You feel sick.
You take 2 damage, and have 2/35 hp.
It was a potion of resistance.
You feel protected.
* * * LOW HITPOINT WARNING * * *
You feel sick.
You take 1 damage, and have 1/35 hp.
It was a potion of magic.
Magic courses through your body.
You die...

#.####....# #....##.#.#
####.##.#.#
########.##.#.#
#...........#.#
#.######.####.#### #.#
#.........# #.#
#########...### #.#
#h)...........### #.#
#[##.####.......# #.#
#.##...##...(...#
#.####.####.##......)##
#.........#.##.......#.
########..#............
#..###..##....#.
#...............
#...###########.


There were no monsters in sight!

Vanquished Creatures
  Jessica (D:3)
  An orc wizard (D:3)
  8 adders
  2 worms (D:2)
  11 orcs
  7 ball pythons
  4 bats
  2 endoplasms
  A giant cockroach (D:2)
  9 goblins
  6 hobgoblins
  2 jackals (D:4)
  A quokka (D:4)
  5 frilled lizards
  10 kobolds
  2 rats
72 creatures vanquished.

Notes
Turn   | Place    | Note
-------+----------+-------------------------------------------
     0 | D:1      | Dirtsage the Octopode Shapeshifter began the quest for the
                  | Orb.
     0 | D:1      | Reached XP level 1. HP: 13/13 MP: 1/1
   106 | D:1      | Reached XP level 2. HP: 15/18 MP: 2/2
   775 | D:2      | Reached XP level 3. HP: 20/23 MP: 3/3
   928 | D:2      | Reached XP level 4. HP: 29/29 MP: 4/4
  1759 | D:3      | Noticed Jessica
  1765 | D:3      | Found a shimmering blue altar of Sif Muna.
  1767 | D:3      | Killed Jessica
  1768 | D:3      | Reached skill level 4 in Shapeshifting
  1768 | D:3      | Reached XP level 5. HP: 31/34 MP: 5/5
  2454 | D:3      | Gained mutation: You are agile. (Dex +4, Str/Int -1)
                  | [potion of mutation]
  2454 | D:3      | Gained mutation: Your muscles are strong. (Str +4, Int/Dex
                  | -1) [potion of mutation]
  2457 | D:3      | HP: 1/35 [poisoned by an orc wizard]
  2458 | D:3      | Succumbed to an orc wizard's poison

Illustrated notes

Levels and vault maps discovered:
D:1:      evilmike_arrival_crescent, layout_loops_cross,
          minmay_misc_feat_secret_circle
D:2:      layout_rooms
D:3:      layout_basic, tgw_sif, guppyfry_early_orc_mine
D:4:      layout_gridville, mainiacjoe_overflow_six_doors_small,
          minmay_misc_feat_chi

Skill      XL: |  1  2  3  4  5 |
---------------+----------------+-----
Fighting       | 2 |  2.5
Shapeshifting  | 4 |  4.3
Dodging        | 3 |  3.1
Unarmed Combat | |  3.9

Action                     |  1- 3 |  4- 6 || total
---------------------------+-------+-------++-------
  Melee: Unarmed           |    45 |    89 ||   134
         Constrict         |    13 |    28 ||    41
         Tentacles         |    13 |    16 ||    29
         Punch             |     2 |     2 ||     4
    Use: Potion            |     1 |     5 ||     6
         Scroll            |       |     5 ||     5
   Stab: Sleeping          |    10 |     5 ||    15
         Distracted        |       |     1 ||     1
 Armour: Skin              |    20 |    32 ||    52
  Dodge: Dodged            |    15 |    40 ||    55

Table legend: (Time is in decaauts)
 A = Elapsed time spent in this place.
 B = Non-inter-level travel time spent in this place.
 C = Inter-level travel time spent in this place.
 D = Time resting spent in this place.
 E = Time spent auto-exploring this place.
 F = Levels seen in this place.
 G = Mean time per level.
                   A        B        C        D        E       F      G
               +--------+--------+--------+--------+--------+-----+--------+
         Total |   2448 |   2300 |    148 |     17 |   1838 |   4 |  612.0 |
       Dungeon |   2448 |   2300 |    148 |     17 |   1838 |   4 |  612.0 |
               +--------+--------+--------+--------+--------+-----+--------+

Top non-repeatable levels by time:
     D:3: 1054 daAuts
     D:1: 651 daAuts
     D:2: 585 daAuts
     D:4: 158 daAuts
